AoeStats
← Maquee94

Arabia

503895978Analyzed
1v1 RM · 28d ago on Sep 2, 2026· 24m 17s· 2 players
Game mode
Random Map
Map size
Tiny (2 player)
Population
200
Speed
Normal
Resources
Standard
Victory
Conquest
Starting age
Dark Age
Ending age
Imperial Age
RankedLock teamsTeams togetherTeam positionsShared explorationLock speedFull tech treeHidden civsTurbo modeCheats
Victory
Defeat
🇨🇱 Vietnamese · Chile
805
+10
🇮🇪 Britons · Ireland
665
-20
Maquee94
9:29 Loom
11:59 Feudal Age
12:49 Double-Bit Axe
15:36 Wheelbarrow
19:42 Fletching
19:52 Scale Mail Armor
19:52 Padded Archer Armor
19:56 Scale Mail Armor
20:22 Horse Collar
24:30 Forging
Its INSRT
11:01 Feudal Age
21:22 Horse Collar
21:30 Double-Bit Axe
21:59 Town Watch
24:08 Wheelbarrow
Connection lost

Rejoining the realm…

Still unreachable

The connection could not be restored.

Session expired

The server has moved on; the page needs a fresh start.